 Dungeon Crawl Stone Soup version 0.28.0 (webtiles) character file.

Game seed: 16239603860090416425

265 BingusPrime the Magician (level 6, -1/40 HPs)
             Began as a Djinni Conjurer on June 10, 2022.
             Killed by an exploding fulminant prism (17 damage)
             ... on level 4 of the Dungeon.
             The game lasted 00:16:55 (4316 turns).

BingusPrime the Magician (Djinni Conjurer)          Turns: 4316, Time: 00:16:55

Health: -1/40      AC:  2    Str:  6    XL:     6   Next: 44%
Gold:   126        EV: 12    Int: 21    God:
                   SH:  0    Dex: 18

rFire   + + .      SeeInvis .   (no weapon)
rCold   x . .      Faith    .   b - orb {*Rage}
rNeg    . . .      Spirit   .   a - +0 robe
rPois   ∞          Reflect  .   (no helmet)
rElec   .          Harm     .   (no cloak)
rCorr   .          Rampage  .   (no gloves)
Will    .....      Rage     20% (boots unavailable)
Stlth   ++........              h - amulet of regeneration
HPRegen 0.93/turn               j - +6 ring of dexterity
MPRegen 0.00/turn               (no ring)

@: flying
A: sickness immunity, fire resistance 2, cold vulnerability 1, float, innate
caster, HP casting, extra vitality 1
a: no special abilities


You were on level 4 of the Dungeon.
You visited 1 branch of the dungeon, and saw 4 of its levels.

You collected 126 gold pieces.

Inventory:

Missiles
 c - 6 poisoned darts
 d - 70 stones
Armour
 a - a +0 robe (worn)
 b - an orb of wrath (worn)
Jewellery
 h - an amulet of regeneration (around neck)
 j - a +6 ring of dexterity (left hand)
Scrolls
 k - 2 scrolls of identify {unknown}
Potions
 e - a potion of might {unknown}
 f - 2 potions of curing {unknown}
 g - 2 potions of cancellation {unknown}
 i - a potion of attraction {unknown}


   Skills:
 + Level 2.2 Dodging
 + Level 2.4 Stealth
 * Level 5.4 Spellcasting


You couldn't memorise any spells.
You knew the following spells:

 Your Spells              Type           Power      Damage    Failure   Level
a - Magic Dart            Conj           100%       1d8       1%          1
b - Searing Ray           Conj           56%        2d6       1%          2
c - Dazzling Flash        Conj/Hex       56%        N/A       3%          3
d - Fulminant Prism       Conj/Hex       14%        3d9       11%         4
e - Iskenderun's Mystic   Conj/Tloc      28%        2d7       11%         4
f - Pain                  Necr           100%       1d9       1%          1
g - Scorch                Fire           56%        2d8       1%          2
Your spell library was empty.

Dungeon Overview and Level Annotations

Branches:
Dungeon (4/15)
 Temple: D:4-7

Altars:
Okawaru
Zin

Shops:
D:2 [(==:


Innate Abilities, Weirdness & Mutations

You are immune to sickness and miasma.
You are immune to poison.
Your flesh is very heat resistant. (rF++)
You are vulnerable to cold. (rC-)
You float through the air rather than walking.
You learn spells naturally, not from books.
Your magical power is your life essence.
You have superior vitality. (+4 MHP)


Message History

The searing ray hits the endoplasm!
You kill the endoplasm! (Press . to maintain the ray.)
Found a stone staircase leading up.
A wyvern zombie comes into view.
Found a scroll labelled MANEPU FUGE.
Casting: Searing Ray (safe; 1% risk of failure)
Confirm with . or Enter, or press ? or * to list all spells.
The spell is quite dangerous to miscast (11% risk of failure)!
Continue anyway?
Aiming: Fulminant Prism (quite dangerous; 11% risk of failure)
Press: ? - help, Dir - move target, f - wyvern zombie
Aim: a wyvern zombie (dormant)
You can't place the prism on a creature.
Casting: Fulminant Prism (quite dangerous; 11% risk of failure)
Confirm with . or Enter, or press ? or * to list all spells.
The spell is quite dangerous to miscast (11% risk of failure)!
Continue anyway?
Aiming: Fulminant Prism (quite dangerous; 11% risk of failure)
Press: ? - help, Dir - move target, p - wyvern zombie You conjure a prism of explosive energy!
A fulminant prism comes into view.
You hear a loud crackle.
The wyvern zombie barely misses you.
You hear an explosion!
You hear a shout!
The wyvern zombie bites you.
Casting: Fulminant Prism (quite dangerous; 11% risk of failure)
Confirm with . or Enter, or press ? or * to list all spells.
The spell is quite dangerous to miscast (11% risk of failure)!
Continue anyway?
Aiming: Fulminant Prism (quite dangerous; 11% risk of failure)
Press: ? - help, Dir - move target You conjure a prism of explosive energy!
A fulminant prism comes into view.
The wyvern zombie bites you!
A goblin comes into view. It is wielding a +0 dagger.
The wyvern zombie bites you!
Your fulminant prism crackles loudly.
Your fulminant prism explodes!
The blast of energy engulfs the wyvern zombie!
The wyvern zombie is moderately damaged.
The blast of energy engulfs you!
You die...

...........
.*......g.
?..<... ....
##.# ##..#
#..## ##Z##
##@## #..#
##.## #..#
#.### #
#...# #.#
##.#.+
#...##..###
#....#######


You could see a wyvern zombie.

Vanquished Creatures
  An orc priest (D:4)
  An iguana (D:3)
  2 orc wizards (D:4)
  8 adders
  A worm (D:3)
  3 dart slugs
  7 orcs
  2 ball pythons
  6 bats
  9 endoplasms
  A giant cockroach (D:1)
  6 goblins
  7 hobgoblins
  3 jackals (D:2)
  6 kobolds
  3 quokkas
  7 frilled lizards
  3 rats
76 creatures vanquished.

Vanquished Creatures (others)
  8 fulminant prisms
  A plant (D:3)
  7 toadstools (D:1)
16 creatures vanquished.

Grand Total: 92 creatures vanquished

Notes
Turn   | Place    | Note
-------+----------+-------------------------------------------
     0 | D:1      | BingusPrime the Djinni Conjurer began the quest for the
                  | Orb.
     0 | D:1      | Reached XP level 1. HP: 15/15 MP: 0/0
   377 | D:1      | Reached XP level 2. HP: 17/21 MP: 0/0
  1141 | D:1      | Reached XP level 3. HP: 23/25 MP: 0/0
  1141 | D:1      | Learned a level 1 spell: Pain
  1419 | D:1      | Reached skill level 4 in Spellcasting
  1786 | D:2      | Found Miutoicw's Jewellery Shop.
  2198 | D:2      | Reached XP level 4. HP: 26/31 MP: 0/0
  2444 | D:2      | Found Fotapyu's Antique Armour Emporium.
  2455 | D:2      | Found Wophitto's Antique Weapon Shop.
  2532 | D:2      | Found Fepeny's Jewellery Shoppe.
  2954 | D:2      | Found Gucimp's Book Boutique.
  3297 | D:3      | Found a faded altar of an unknown god.
  3325 | D:3      | Got Plato's Collected Works on Ice
  3633 | D:3      | Reached XP level 5. HP: 34/35 MP: 0/0
  3633 | D:3      | Learned a level 2 spell: Scorch
  3724 | D:3      | Found a glowing silver altar of Zin.
  4068 | D:3      | Found an iron altar of Okawaru.
  4163 | D:4      | Reached skill level 5 in Spellcasting
  4163 | D:4      | Reached XP level 6. HP: 38/40 MP: 0/0
  4316 | D:4      | Killed by an exploding fulminant prism

Illustrated notes

Levels and vault maps discovered:
D:1:      nagdon_arrival_double_spiral, layout_loops_ring, lemuel_old_faithful
D:2:      layout_basic, serial_shops, nicolae_shop_advertising_works
          [nicolae_subvault_shop_adworks], nicolae_square_shop, shop_fountains,
          nicolae_shop_hallway_plus, nicolae_shop_stone
D:3:      layout_loops_ring, kennysheep_okawaru_gauntlet,
          mainiacjoe_overflow_cross_hatched, shapermc_ecumenical_altar_rom_forum
D:4:      layout_rooms, vehumet_crystals, nicolae_wu_jian_immortal_techniques,
          gammafunk_temple_overflow_elements, temple_doors_e

Skill      XL: |  1  2  3  4  5 |
---------------+----------------+-----
Spellcasting   | 4 5 |  5.4
Stealth        | 2 |  2.4
Dodging        | |  2.2

Action                   |  1- 3 |  4- 6 || total
-------------------------+-------+-------++-------
Melee: Unarmed           |     8 |     1 ||     9
       Punch             |     1 |       ||     1
 Cast: Magic Dart        |    29 |    66 ||    95
       Searing Ray       |    25 |    19 ||    44
       Pain              |     1 |     1 ||     2
       Dazzling Flash    |     1 |     1 ||     2
       Fulminant Prism   |       |     8 ||     8
  Use: Scroll            |       |     3 ||     3
Armor: Robe              |     1 |       ||     1
Dodge: Dodged            |     7 |     5 ||    12
